PCL
MEXICO CITY CERVECEROS @ SPOKANE TRAPPERS
08/07/2029
 
TOP OF THE 1ST
Mexico City Cerveceros batting - Pitching for Spokane Trappers : RHP Jing-xiang Fa
Pitching: RHP Jing-xiang Fa
Batting: RHB John Dinkins 0-0: Ball
1-0: Foul Ball, location: 2F
1-1: Ball
2-1: Ball
3-1: Ground out 4-3 (Groundball, 4)
Batting: RHB Murai Ishihara 0-0: Ball
1-0: Ball
2-0: SINGLE (Flyball, 9)
Batting: LHB Roberto Lozano 0-0: Ground out 5-3 (Groundball, 56S)
Murai Ishihara to second
Batting: RHB Henning Huisman 0-0: Foul Ball, location: 2F
0-1: Ball
1-1: Foul Ball, location: 2F
1-2: Strikes out looking
Top of the 1st over - 0 runs, 1 hit, 0 errors, 1 left on base; Mexico City 0 - Spokane 0
BOTTOM OF THE 1ST
Spokane Trappers batting - Pitching for Mexico City Cerveceros : RHP José Deleón
Pitching: RHP José Deleón
Batting: RHB Carlos García 0-0: Called Strike
0-1: Ball
1-1: Ball
2-1: Fly out, F8 (Flyball, 8LD)
Batting: RHB José Aguilera 0-0: Called Strike
0-1: Foul Ball, location: 2F
0-2: Strikes out swinging
Batting: SHB Mark Wells 0-0: Called Strike
0-1: Foul Ball, location: 2F
0-2: Ball
1-2: Ground out 3-1 (Groundball, 34S)
Bottom of the 1st over - 0 runs, 0 hits, 0 errors, 0 left on base; Mexico City 0 - Spokane 0
TOP OF THE 2ND
Mexico City Cerveceros batting - Pitching for Spokane Trappers : RHP Jing-xiang Fa
Batting: LHB Brandon Cummings 0-0: Ground out 4-3 (Groundball, 34D)
Batting: RHB Robinson Pacheco 0-0: Ball
1-0: Ball
2-0: Swinging Strike
2-1: Ball
3-1: Base on Balls
Batting: SHB Richard Bowman 0-0: Fly out, F6 (Line Drive, 6)
Batting: RHB Juan Brieno 0-0: Fielders Choice at 2nd, 6-4 (Groundball, 6)
Top of the 2nd over - 0 runs, 0 hits, 0 errors, 1 left on base; Mexico City 0 - Spokane 0
BOTTOM OF THE 2ND
Spokane Trappers batting - Pitching for Mexico City Cerveceros : RHP José Deleón
Batting: RHB José Herrera 0-0: Ball
1-0: Ball
2-0: Called Strike
2-1: Ball
3-1: Base on Balls
Batting: LHB Willie Wallace 0-0: Ball
1-0: Called Strike
1-1: Ball
2-1: Foul Ball, location: 2F
2-2: 2-RUN HOME RUN (Line Drive, 89XD), Distance : 396 ft
Batting: RHB Danny Crouch 0-0: Ball
1-0: Called Strike
1-1: Ground out 5-3 (Groundball, 25)
Pitching: RHP Tex Perkins
Batting: LHB Tommy Evans 0-0: Foul Ball, location: 2F
0-1: Ball
1-1: Ball
2-1: SINGLE (Line Drive, 89S)
Batting: RHB Trent Rasmussen 0-0: Swinging Strike
0-1: Ball
1-1: Swinging Strike
1-2: Strikes out swinging
Batting: RHB Alberto Velásquez 0-0: Called Strike
Tommy Evans is caught stealing 2nd base
Bottom of the 2nd over - 2 runs, 2 hits, 0 errors, 0 left on base; Mexico City 0 - Spokane 2
TOP OF THE 3RD
Mexico City Cerveceros batting - Pitching for Spokane Trappers : RHP Jing-xiang Fa
Batting: SHB Scott Compton 0-0: Called Strike
0-1: Foul Ball, location: 2F
0-2: SINGLE (Groundball, 34D)
Batting: RHB John Dinkins 0-0: Foul Ball, location: 2F
0-1: Ball
1-1: Called Strike
1-2: SINGLE (Flyball, 78S)
Scott Compton to second
Batting: RHB Murai Ishihara 0-0: Swinging Strike
0-1: Ball
1-1: Called Strike
1-2: Foul Ball, location: 2F
1-2: Fly out, F9 (Flyball, 9D)
Runner from 2nd tags up, SAFE at 3rd, no throw
Batting: LHB Roberto Lozano 0-0: Ground out U3 (Groundball, 23)
Scott Compton scores
John Dinkins to second
Batting: RHB Henning Huisman 0-0: Called Strike
0-1: Foul Ball, location: 2F
0-2: Ball
1-2: Ball
2-2: Ball
3-2: Fly out, F8 (Flyball, 8LS)
Top of the 3rd over - 1 run, 2 hits, 0 errors, 1 left on base; Mexico City 1 - Spokane 2
BOTTOM OF THE 3RD
Spokane Trappers batting - Pitching for Mexico City Cerveceros : RHP Tex Perkins
Batting: RHB Alberto Velásquez 0-0: Ball
1-0: Ball
2-0: Ball
3-0: Called Strike
3-1: Base on Balls
Batting: RHB Carlos García 0-0: Ball
1-0: Ball
2-0: Ball
3-0: Called Strike
3-1: Base on Balls
Alberto Velásquez to second
Batting: RHB José Aguilera 0-0: Ball
1-0: Called Strike
1-1: Fly out, F7 (Flyball, 7LSF)
Now in LF: John Nicholson
Batting: SHB Mark Wells 0-0: Called Strike
0-1: Foul Ball, location: 2F
0-2: Ball
1-2: Foul Ball, location: 2F
1-2: Foul Ball, location: 2F
1-2: Foul Ball, location: 2F
1-2: Strikes out swinging
Batting: RHB José Herrera 0-0: Called Strike
0-1: Foul Ball, location: 2F
0-2: Strikes out swinging
Bottom of the 3rd over - 0 runs, 0 hits, 0 errors, 2 left on base; Mexico City 1 - Spokane 2
TOP OF THE 4TH
Mexico City Cerveceros batting - Pitching for Spokane Trappers : RHP Jing-xiang Fa
Batting: LHB Brandon Cummings 0-0: Called Strike
0-1: DOUBLE (Line Drive, 3D)
Batting: RHB Robinson Pacheco 0-0: Called Strike
0-1: Foul Ball, location: 2F
0-2: Ball
1-2: Ball
2-2: Strikes out looking
Batting: SHB Richard Bowman 0-0: Ball
1-0: Called Strike
1-1: Ball
2-1: Swinging Strike
2-2: Ball
3-2: SINGLE (Line Drive, 34D)
Brandon Cummings to third
Runner from 3rd tries for Home, throw and OUT!
Batting: RHB Juan Brieno 0-0: Fielders Choice at 2nd, 6-4 (Groundball, 6)
Top of the 4th over - 0 runs, 2 hits, 0 errors, 1 left on base; Mexico City 1 - Spokane 2
BOTTOM OF THE 4TH
Spokane Trappers batting - Pitching for Mexico City Cerveceros : RHP Tex Perkins
Batting: LHB Willie Wallace 0-0: Called Strike
0-1: Ball
1-1: Called Strike
1-2: Ball
2-2: Fly out, F6 (Line Drive, 6)
Batting: RHB Danny Crouch 0-0: Ball
1-0: Ball
2-0: Ball
3-0: Base on Balls
Batting: LHB Tommy Evans 0-0: Called Strike
0-1: Fly out, F6 (Popup, 6MS)
Batting: RHB Trent Rasmussen 0-0: Swinging Strike
0-1: Swinging Strike
0-2: Foul Ball, location: 2F
0-2: Ball
1-2: Ball
2-2: Ball
3-2: Strikes out swinging
Bottom of the 4th over - 0 runs, 0 hits, 0 errors, 1 left on base; Mexico City 1 - Spokane 2
TOP OF THE 5TH
Mexico City Cerveceros batting - Pitching for Spokane Trappers : RHP Jing-xiang Fa
Batting: SHB Scott Compton 0-0: Fly out, F8 (Flyball, 8RM)
Batting: RHB John Dinkins 0-0: Ball
1-0: Ground out U3 (Groundball, 34)
Batting: RHB Murai Ishihara 0-0: Foul Ball, location: 2F
0-1: Ball
1-1: Ball
2-1: SINGLE (Groundball, 6MD)
Batting: LHB John Nicholson 0-0: Ball
1-0: Called Strike
1-1: SINGLE (Flyball, 89S)
Murai Ishihara to second
Runner from 2nd tries for 3rd, SAFE, no throw
Batting: RHB Henning Huisman 0-0: Called Strike
0-1: Ball
1-1: Foul Ball, location: 2F
1-2: Strikes out looking
Top of the 5th over - 0 runs, 2 hits, 0 errors, 2 left on base; Mexico City 1 - Spokane 2
BOTTOM OF THE 5TH
Spokane Trappers batting - Pitching for Mexico City Cerveceros : RHP Tex Perkins
Batting: RHB Alberto Velásquez 0-0: Foul Ball, location: 2F
0-1: Ground out 6-3 (Groundball, 6)
Batting: RHB Carlos García 0-0: Called Strike
0-1: Ground out 4-3 (Groundball, 4)
Batting: RHB José Aguilera 0-0: Ball
1-0: Ball
2-0: Ball
3-0: Base on Balls
Pitching: RHP Luis Chávez
Batting: SHB Mark Wells 0-0: Ball
1-0: Ball
2-0: Ball
3-0: Called Strike
3-1: Called Strike
3-2: Base on Balls
José Aguilera to second
Batting: RHB José Herrera 0-0: Called Strike
0-1: Ball
1-1: Ball
2-1: Ball
3-1: Base on Balls
José Aguilera to third
Mark Wells to second
Batting: LHB Willie Wallace 0-0: Ball
1-0: DOUBLE (Groundball, 5L)
José Aguilera scores
Mark Wells scores
José Herrera to third
Batting: RHB Danny Crouch 0-0: Called Strike
0-1: Foul Ball, location: 2F
0-2: Strikes out swinging
Bottom of the 5th over - 2 runs, 1 hit, 0 errors, 2 left on base; Mexico City 1 - Spokane 4
TOP OF THE 6TH
Mexico City Cerveceros batting - Pitching for Spokane Trappers : RHP Jing-xiang Fa
Batting: LHB Brandon Cummings 0-0: Called Strike
0-1: Called Strike
0-2: Strikes out swinging
Batting: RHB Robinson Pacheco 0-0: Fly out, F7 (Flyball, 7S)
Batting: SHB Richard Bowman 0-0: Ball
1-0: Foul Ball, location: 2F
1-1: Called Strike
1-2: Foul Ball, location: 2F
1-2: Ball
2-2: DOUBLE (Groundball, 3L)
Batting: RHB Juan Brieno 0-0: Ball
1-0: Ground out 4-3 (Groundball, 4)
Top of the 6th over - 0 runs, 1 hit, 0 errors, 1 left on base; Mexico City 1 - Spokane 4
BOTTOM OF THE 6TH
Spokane Trappers batting - Pitching for Mexico City Cerveceros : RHP Luis Chávez
Batting: LHB Tommy Evans 0-0: Ball
1-0: Ball
2-0: Called Strike
2-1: SINGLE (Groundball, 6MD)
Batting: RHB Trent Rasmussen 0-0: Called Strike
0-1: Ball
1-1: Foul Ball, location: 2F
1-2: Foul Ball, location: 2F
1-2: SINGLE (Groundball, 4MD)
Tommy Evans to second
Batting: RHB Alberto Velásquez 0-0: Ball
1-0: Called Strike
1-1: Swinging Strike
1-2: Foul Ball, location: 2F
1-2: Strikes out swinging
Batting: RHB Carlos García 0-0: Ball
1-0: Called Strike
1-1: Called Strike
1-2: Ball
2-2: Fly out, F9 (Flyball, 9LM)
Batting: RHB José Aguilera 0-0: Ball
1-0: Called Strike
1-1: Foul Ball, location: 2F
1-2: Ball
2-2: Ball
3-2: Foul Ball, location: 2F
3-2: Ground out 1-3 (Groundball, 15S)
Bottom of the 6th over - 0 runs, 2 hits, 0 errors, 2 left on base; Mexico City 1 - Spokane 4
TOP OF THE 7TH
Mexico City Cerveceros batting - Pitching for Spokane Trappers : RHP Jing-xiang Fa
Batting: SHB Scott Compton 0-0: Ball
1-0: Fly out, F9 (Flyball, 9LS)
Batting: RHB John Dinkins 0-0: Ball
1-0: Called Strike
1-1: Ball
2-1: Ball
3-1: Called Strike
3-2: Ground out 1-3 (Groundball, 13)
Batting: RHB Murai Ishihara 0-0: Fly out, F5 (Line Drive, 56)
Top of the 7th over - 0 runs, 0 hits, 0 errors, 0 left on base; Mexico City 1 - Spokane 4
BOTTOM OF THE 7TH
Spokane Trappers batting - Pitching for Mexico City Cerveceros : RHP Luis Chávez
Batting: SHB Mark Wells 0-0: Foul Ball, location: 2F
0-1: Fly out, F6 (Line Drive, 6M)
Batting: RHB José Herrera 0-0: Called Strike
0-1: Called Strike
0-2: Ball
1-2: SINGLE (Line Drive, 6MD)
Pitching: LHP Daniel Draper
Batting: LHB Willie Wallace 0-0: Called Strike
0-1: Ball
1-1: Grounds into double play, 6-4-3 (Groundball, 6)
Bottom of the 7th over - 0 runs, 1 hit, 0 errors, 0 left on base; Mexico City 1 - Spokane 4
TOP OF THE 8TH
Mexico City Cerveceros batting - Pitching for Spokane Trappers : RHP Jing-xiang Fa
Batting: LHB John Nicholson 0-0: Called Strike
0-1: Ball
1-1: DOUBLE (Line Drive, 78D)
Batting: RHB Henning Huisman 0-0: Ball
1-0: Foul Ball, location: 2F
1-1: Ball
2-1: Foul Ball, location: 2F
2-2: Strikes out swinging
Batting: LHB Brandon Cummings 0-0: Hit by Pitch
Batting: RHB Robinson Pacheco 0-0: Ball
1-0: Called Strike
1-1: Foul Ball, location: 2F
1-2: Foul Ball, location: 2F
1-2: Ground out 5-3 (Groundball, 56S)
John Nicholson to third
Brandon Cummings to second
Batting: SHB Richard Bowman 0-0: Ball
1-0: Fly out, F8 (Flyball, 8LD)
Top of the 8th over - 0 runs, 1 hit, 0 errors, 2 left on base; Mexico City 1 - Spokane 4
BOTTOM OF THE 8TH
Spokane Trappers batting - Pitching for Mexico City Cerveceros : LHP Doug Starks
Pitching: LHP Doug Starks
Batting: RHB Danny Crouch 0-0: SINGLE (Groundball, 56D)
Pitching: RHP Manuel Zarate
Batting: LHB Tommy Evans 0-0: Sac Bunt - play at first, batter OUT! 5-3
Danny Crouch to second
Batting: RHB Trent Rasmussen 0-0: Ball
1-0: Ball
2-0: Called Strike
2-1: Foul Ball, location: 2F
2-2: Ball
3-2: Base on Balls
Batting: RHB Alberto Velásquez 0-0: Called Strike
0-1: Ball
1-1: Fly out, F9 (Flyball, 89S)
Batting: RHB Carlos García 0-0: Called Strike
0-1: Fly out, F8 (Flyball, 8RS)
Bottom of the 8th over - 0 runs, 1 hit, 0 errors, 2 left on base; Mexico City 1 - Spokane 4
TOP OF THE 9TH
Mexico City Cerveceros batting - Pitching for Spokane Trappers : RHP Jing-xiang Fa
Pitching: RHP José Ruíz
Batting: RHB Juan Brieno 0-0: Ball
1-0: Called Strike
1-1: Called Strike
1-2: Ball
2-2: Ball
3-2: Base on Balls
Batting: SHB Scott Compton 0-0: Called Strike
0-1: Grounds into double play, 4-6-3 (Groundball, 4)
Batting: RHB John Dinkins 0-0: Ball
1-0: Called Strike
1-1: Foul Ball, location: 2F
1-2: Foul Ball, location: 2F
1-2: Strikes out swinging
Top of the 9th over - 0 runs, 0 hits, 0 errors, 0 left on base; Mexico City 1 - Spokane 4
Saturday, December 16th, 2017 - OOTP Baseball 18.8 Build 76